 Dungeon Crawl Stone Soup version 0.18-a0-337-g1235303 (webtiles) character file.

911 Raultor the Transmogrifier (level 7, -7/52 HPs)
             Began as a Grey Draconian Transmuter on Nov 28, 2015.
             Mangled by an orc
             ... wielding a +0 flail
              (10 damage)
             ... on level 5 of the Dungeon.
             The game lasted 00:15:05 (6073 turns).

Raultor the Transmogrifier (DrTm)                   Turns: 6073, Time: 00:15:05

Health: -7/52      AC: 11    Str: 17    XL:     7   Next: 82%
Magic:  10/10      EV: 12    Int: 13    God:
Gold:   215        SH:  0    Dex: 12    Spells: 2 memorised, 4 levels left

rFire  . . .     SeeInvis .       - Unarmed
rCold  . . .     Clarity  .     (armour unavailable)
rNeg   . . .     SustAt   .     (no shield)
rPois  .         Gourm    .     (helmet restricted)
rElec  .         Spirit   .     (no cloak)
rCorr  .         Warding  .     (no gloves)
rMut   .         Stasis   .     (boots currently unavailable)
MR     .....                    (no amulet)
Stlth  ++........               v - ring "Joynocs" {+Inv Stlth+}
                                u - +3 ring of strength

@: appendage, not resistant to hostile enchantments, unstealthy
A: walk through water, unfitting armour, talons 3, unbreathing, cold-blooded, AC
+11
a: End Transformation, Evoke Invisibility


You were on level 5 of the Dungeon.
You were not hungry.
You had grown temporary talons.
You visited 1 branch of the dungeon, and saw 5 of its levels.

You collected 215 gold pieces.

Inventory:

Missiles
 a - 40 arrows
Jewellery
 u - a +3 ring of strength (left hand)
 v - the ring "Joynocs" (right hand) {+Inv Stlth+}
   (You found it on level 5 of the Dungeon)

   [ring of invisibility]

   It lets you turn invisible.
   It makes you more stealthy.
 x - an uncursed ring of teleportation
Scrolls
 e - 2 scrolls of identify
 f - a scroll of amnesia {unknown}
 k - a scroll of remove curse
 n - a scroll of blinking {unknown}
 o - 2 scrolls of recharging {unknown}
 q - 2 scrolls of enchant weapon {unknown}
 r - 2 scrolls of teleportation {unknown}
 t - 2 scrolls of noise {unknown}
 w - 2 scrolls of enchant armour {unknown}
Potions
 d - a potion of flight
 i - a potion of invisibility {unknown}
 j - a potion of magic {unknown}
 l - 2 potions of curing
 m - 2 potions of resistance
 p - a potion of might {unknown}
 A - a potion of beneficial mutation {unknown}
Books
 b - a book of Changes

   Spells                             Type                      Level
   a - Beastly Appendage              Transmutation                1
   b - Sticks to Snakes               Transmutation                2
   c - Spider Form                    Transmutation/Poison         3
   d - Ice Form                       Ice/Transmutation            4
   e - Blade Hands                    Transmutation                5
Comestibles
 c - 4 bread rations
 g - 2 beef jerkies
 h - 2 slices of pizza
 s - a meat ration
 z - 2 fruits
 B - 4 chunks of flesh


   Skills:
 - Level 1.1 Fighting
 - Level 1.7 Dodging
 + Level 5.4 Unarmed Combat
 - Level 2.0 Spellcasting
 * Level 8.0 Transmutations


You had 4 spell levels left.
You knew the following spells:

 Your Spells              Type           Power        Failure   Level  Hunger
a - Beastly Appendage     Trmt           ###...       1%          1    ##.....
b - Blade Hands           Trmt           ###.......   28%         5    ######.


Dungeon Overview and Level Annotations

Branches:
Dungeon (5/15)
 Temple: D:4-7

Altars:
Gozag


Innate Abilities, Weirdness & Mutations

You can walk through water.
Your dull iron-grey scales are very hard (AC +11).
Your body does not fit into most forms of armour.
You can survive without breathing.
You are cold-blooded and may be slowed by cold attacks.
You have claws for feet.


Message History

You closely miss the orc priest. Your kick misses the orc priest.
You tail-slap the orc priest, but do no damage.
The orc priest is almost dead.
You hit the orc priest but do no damage.
The orc priest is almost dead.
The orc priest mumbles some strange prayers to Beogh against you.
Pain shoots through your body!
* * * LOW HITPOINT WARNING * * *
Some of the chunks of flesh in your inventory have rotted away.
You hit the orc priest.
You kill the orc priest!
Your Transmutations skill increases to level 8!
You hit the orc but do no damage. The orc misses you.
You hit the orc but do no damage. The orc hits you but does no damage.
You closely miss the orc. You claw the orc, but do no damage. You hit the orc.
You kill the orc!
You closely miss the orc. Your kick misses the orc.
The orc hits you with a flail!
You die...

≈≈≈≈≈≈≈≈≈≈≈≈≈≈≈≈≈≈≈≈≈≈≈≈()..≈≈≈≈≈
≈≈≈≈≈≈≈≈≈≈≈≈≈≈≈≈≈≈≈≈≈≈≈(....≈≈≈≈≈
≈≈.≈≈≈≈.≈≈.≈.≈.≈.≈≈...≈((....≈≈≈≈
......................(.((.......
......................)..........
..........>........(.((..........
#####.####.########.(###.#####.#.
#.##........###(.............
#####.####......@o)(.............
......#.....###.###..............
..<.#.#.....# #.# #..............
##..#.#.....# #.# #..............
....#.#.....# #.###..............
....#.#.....# #........oo........
............# #............).....
....#.####### #####..............
###.#.# ### ##.............


You could see an orc.

Vanquished Creatures
  An ogre (D:5)
  7 big kobolds (D:5)
  A crimson imp (D:5)
  2 orc priests (D:5)
  A worker ant (D:5)
  An orc wizard (D:3)
  A hound skeleton (D:5)
  5 adders
  A gnoll (D:5)
  An ooze (D:1)
  A worm (D:3)
  4 giant geckos
  14 orcs
  6 bats
  8 giant cockroaches
  6 hobgoblins
  6 jackals
  2 quokkas (D:2)
  2 ball pythons
  6 giant newts
  12 goblins
  49 kobolds
  9 rats
146 creatures vanquished.

Notes
Turn   | Place    | Note
--------------------------------------------------------------
     0 | D:1      | Raultor the Draconian Transmuter began the quest for the Orb.
     0 | D:1      | Reached XP level 1. HP: 16/16 MP: 3/3
   192 | D:1      | Reached XP level 2. HP: 7/23 MP: 5/5
  1128 | D:2      | Reached XP level 3. HP: 21/28 MP: 6/6
  1485 | D:2      | Reached skill level 4 in Transmutations
  1820 | D:2      | Reached XP level 4. HP: 28/35 MP: 7/7
  2428 | D:3      | Found an opulent altar of Gozag.
  3323 | D:3      | Reached skill level 5 in Transmutations
  3459 | D:4      | Noticed a phantom
  3497 | D:3      | Reached XP level 5. HP: 9/40 MP: 6/8
  3939 | D:4      | Noticed an ogre
  3945 | D:5      | Entered Level 5 of the Dungeon
  4277 | D:5      | Learned a level 5 spell: Blade Hands
  4304 | D:5      | Reached XP level 6. HP: 28/47 MP: 9/9
  4541 | D:5      | Reached skill level 6 in Transmutations
  5033 | D:5      | Got a brightly glowing bronze ring
  5034 | D:5      | Identified the ring "Joynocs" {+Inv Stlth+} (You found it on level 5 of the Dungeon)
  5508 | D:5      | Your scales start taking on a dull iron-grey colour.
  5508 | D:5      | Gained mutation: You can survive without breathing. [Grey Draconian growth]
  5508 | D:5      | Reached XP level 7. HP: 42/52 MP: 8/10
  5578 | D:5      | Reached skill level 7 in Transmutations
  5616 | D:5      | Reached skill level 5 in Unarmed Combat
  6068 | D:5      | Reached skill level 8 in Transmutations
  6073 | D:5      | Mangled by an orc

Vault maps used:
D:1:      minmay_arrival_loop, dk_noncrumbling_4
D:2:      serial_forest, infiniplex_forest_lined_2, infiniplex_forest_3_way,
          infiniplex_forest_pool, infiniplex_forest_end_2,
          infiniplex_forest_straight_2, infiniplex_forest_corner_1,
          infiniplex_forest_clump_long
D:3:      first_bread, nicolae_gozag_seed_capital
D:4:      minmay_temple_entry_statues_fountains, nemelex_diamond_rough_becter
D:5:      minmay_goblin_kobold_castle

Action                   |  1- 3 |  4- 6 |  7- 9 || total
-------------------------+-------+-------+-------++-------
Melee: Unarmed           |   156 |   434 |   106 ||   696
 Cast: Beastly Appendage |     1 |    11 |     4 ||    16
  Use: Scroll            |       |     3 |       ||     3
       Potion            |       |     1 |     1 ||     2
 Stab: Sleeping          |       |     3 |       ||     3
  Eat: Chunk             |     3 |     7 |     3 ||    13
       Bread ration      |       |     1 |       ||     1
